Maroons vs Kings

Created - 24 mars 2022 at 16:26

Goals
1 2 3 OT1 SO T
Maroons 2 0 0 0 1 3
Kings 1 1 0 0 0 2
Shots
1 2 3 OT1 SO T
Maroons 8 7 13 0 3 28
Kings 8 17 11 1 3 37

1st period

1. Kings , Jeff Carter 9 (Tage Thompson 16, Matt Irwin 10) at 1:44
2. Maroons , Nick Ritchie 20 (Casey Mittelstadt 23, Trevor Lewis 8) at 3:15
3. Maroons , Matthew Tkachuk 27 (Ian Mitchell 6, Gustav Nyquist 31) at 14:10

Penalties :
No Penalty

2nd period

4. Kings , Rudolfs Balcers 11 (Jeff Carter 27) at 0:08

Penalties :
Michael Anderson (LAK) for Roughing (Minor) at 0:59, Alex Goligoski (LAK) for Tripping (Minor) at 7:50, Josh Brown (LAK) for Tripping (Minor) at 14:20

3rd period

No Goal

Penalties :
Esa Lindell (MON) for Interference (Minor) at 12:38

Overtime #1

No Goal

Penalties :
No Penalty

Shootout

Maroons, Matthew Tkachuk - Stopped by Sergei Bobrovsky
Kings, Tage Thompson - Stopped by John Gibson
Maroons, Pierre-Luc Dubois - Stopped by Sergei Bobrovsky
Kings, Conor Garland - Stopped by John Gibson
Maroons, Gustav Nyquist - Goal!
Kings, Tomas Hertl - Stopped by John Gibson

Penalties :
No Penalty

Goalie Stats

John Gibson (MON), 35 saves from 37 shots - (0,946), W, 21-30-5, 65:00 minutes
Sergei Bobrovsky (LAK), 26 saves from 28 shots - (0,929), OTL, 13-9-2, 65:00 minutes

Players Stats for Maroons

Player Name              G  A  P  +/- PIM S  H  SB GA TA FO     MP     PP MP  PK MP  
------------------------------------------------------------------------------------
Adam Erne                0  0  0   0  0   3  3  2  0  1  2/2    19:58   2:37   0:00 
Brett Connolly           0  0  0   1  0   2  0  1  0  0  1/1    13:45   0:03   0:19 
Brian Pinho              0  0  0  -1  0   0  0  0  0  1  3/5     5:31   0:00   0:00 
Casey Mittelstadt        0  1  1   0  0   4  1  0  1  0  2/9    21:10   2:37   0:33 
Esa Lindell              0  0  0  -1  2   2  0  1  0  1  0/0    25:22   3:06   0:00 
Filip Zadina             0  0  0  -1  0   0  0  0  0  0  0/0     5:59   0:00   0:00 
Frans Nielsen            0  0  0   1  0   0  0  0  0  1  2/8    14:08   0:00   0:31 
Gustav Nyquist           0  1  1   0  0   3  0  0  1  0  0/1    21:38   3:04   0:44 
Ian Mitchell             0  1  1   1  0   0  0  0  0  0  0/0     8:21   0:00   0:33 
Jacob Trouba             0  0  0  -1  0   1  1  4  0  0  0/0    26:14   3:06   1:05 
John Hayden              0  0  0   0  0   0  0  0  0  0  0/0     3:06   0:28   0:00 
Kale Clague              0  0  0   1  0   0  0  0  0  1  0/0     9:36   0:00   0:00 
Kevin Bahl               0  0  0   1  0   0  0  1  0  0  0/0    11:27   0:00   0:54 
Lucas Carlsson           0  0  0   1  0   0  0  3  0  0  0/0     7:48   0:00   0:00 
Matthew Tkachuk          1  0  1  -1  0   5  1  2  1  2  1/2    26:37   3:04   0:55 
Nick Ritchie             1  0  1   1  0   5  4  0  0  1  0/0    14:50   0:16   0:00 
Pierre-Luc Dubois        0  0  0   0  0   2  1  0  1  1  12/32  21:48   3:05   0:56 
Rasmus Dahlin            0  0  0  -1  0   0  2  2  0  0  0/0    19:28   2:51   0:54 
Trevor Lewis             0  1  1   0  0   1  3  2  1  0  2/2    19:05   2:37   0:00 
Vince Dunn               0  0  0  -1  0   0  0  0  0  1  0/0    17:09   2:51   0:32 

Players Stats for Kings

Player Name              G  A  P  +/- PIM S  H  SB GA TA FO     MP     PP MP  PK MP  
------------------------------------------------------------------------------------
Alex Goligoski           0  0  0   0  2   1  1  4  0  1  0/0    25:07   1:19   1:33 
Austin Watson            0  0  0   0  0   4  0  1  0  0  1/2    10:51   0:08   1:34 
Carl Grundstrom          0  0  0   0  0   1  0  0  0  0  0/0     8:12   0:00   0:00 
Christian Fischer        0  0  0  -1  0   3  0  1  1  0  0/1    15:36   0:00   2:46 
Conor Garland            0  0  0  -1  0   3  2  0  1  0  1/3    19:34   0:59   0:00 
Jayson Megna             0  0  0   0  0   1  0  1  0  0  2/4     9:07   0:00   1:34 
Jeff Carter              1  1  2   2  0   7  4  2  1  0  10/17  16:37   0:52   0:00 
Jonas Brodin             0  0  0   0  0   1  0  0  0  0  0/0    22:38   1:19   0:54 
Jordan Eberle            0  0  0  -1  0   0  2  0  2  0  0/0    19:26   0:59   0:00 
Josh Brown               0  0  0   1  2   0  1  1  0  1  0/0    16:41   0:00   1:20 
Klim Kostin              0  0  0  -1  0   1  2  0  0  1  0/0    14:46   0:08   1:08 
Matt Irwin               0  1  1   1  0   0  0  1  0  0  0/0    17:39   0:00   2:25 
Michael Anderson         0  0  0  -1  2   1  2  3  0  0  0/0    22:12   0:40   2:13 
Olli Maatta              0  0  0  -1  0   1  1  2  1  1  0/0    20:55   0:40   3:29 
Rudolfs Balcers          1  0  1   2  0   6  2  0  1  0  0/1    16:51   0:52   0:00 
Sean Kuraly              0  0  0  -1  0   3  0  0  0  0  10/16  15:23   0:08   3:15 
Tage Thompson            0  1  1   2  0   0  1  0  0  0  1/2    16:20   0:52   0:00 
Tomas Hertl              0  0  0  -1  0   4  1  1  3  1  12/16  21:05   0:59   1:37 

3 Stars

1 - Jeff Carter (LAK)
2 - Nick Ritchie (MON)
3 - John Gibson (MON)

Power Play

Maroons - 0 on 3 Attempt(s) - 0,00%
Kings - 0 on 1 Attempt(s) - 0,00%

Penalty Kill

Maroons - 1 on 1 Attempt(s) - 100,00% - Score 0 goal in Penalty Kill
Kings - 3 on 3 Attempt(s) - 100,00% - Score 0 goal in Penalty Kill

Team Stat

Maroons - Hits : 16 - Faceoff Wins : 25 - Blocked Shots : 18 - Penalty Minutes : 2
Kings - Hits : 19 - Faceoff Wins : 37 - Blocked Shots : 17 - Penalty Minutes : 6

Official

Referees : Furman South and Tim Peel
Linesman : James Tobias and Tyson Baker

Game Notes

No Game Note

Finance

Level 1 -- Attendance: 5874 (97,90%) -- Ticket Income 528 660 $
Level 2 -- Attendance: 4544 (90,88%) -- Ticket Income 227 200 $
Level 3 -- Attendance: 2000 (100,00%) -- Ticket Income 60 000 $
Level 4 -- Attendance: 4000 (100,00%) -- Ticket Income 40 000 $
Luxury Box -- Attendance: 1000 (100,00%) -- Ticket Income 160 000 $
Game was played at the Hollywood Garden.
Total Attendance: 17418 (96,77%)
Total Ticket Income: 1 015 860 $
Other Income: 497 771 $
Total Income: 1 513 631 $

Maroons

5 vs 5 Forward 
   Center                   Left Wing                Right Wing               Time % Phy DF OF 
 1 Pierre-Luc Dubois        Matthew Tkachuk          Gustav Nyquist           40     1   2  2  
 2 Casey Mittelstadt        Adam Erne                Trevor Lewis             30     1   2  2  
 3 Frans Nielsen            Nick Ritchie             Brett Connolly           20     1   2  2  
 4 Brian Pinho              Filip Zadina             Matthew Tkachuk          10     1   2  2  

5 vs 5 Defense 
   Defense                  Defense                                           Time % Phy DF OF 
 1 Jacob Trouba             Esa Lindell                                       40     1   2  2  
 2 Rasmus Dahlin            Vince Dunn                                        30     1   2  2  
 3 Kale Clague              Kevin Bahl                                        20     1   2  2  
 4 Ian Mitchell             Lucas Carlsson                                    10     1   2  2  

PowerPlay Forward 
   Center                   Left Wing                Right Wing               Time % Phy DF OF 
 1 Pierre-Luc Dubois        Matthew Tkachuk          Gustav Nyquist           60     1   2  2  
 2 Casey Mittelstadt        Adam Erne                Trevor Lewis             40     1   2  2  

PowerPlay Defense
   Defense                  Defense                                           Time % Phy DF OF 
 1 Jacob Trouba             Esa Lindell                                       60     1   2  2  
 2 Rasmus Dahlin            Vince Dunn                                        40     1   2  2  

Penalty Kill 4 Players Forward 
   Center                   Wing                     Time % Phy DF OF 
 1 Matthew Tkachuk          Pierre-Luc Dubois        60     1   2  2  
 2 Gustav Nyquist           Casey Mittelstadt        40     1   2  2  

Penalty Kill 4 Players Defense
   Defense                  Defense                  Time % Phy DF OF 
 1 Jacob Trouba             Esa Lindell              60     1   2  2  
 2 Rasmus Dahlin            Vince Dunn               40     1   2  2  

Penalty Kill - 3 Players Forward 
   Forward                                           Time % Phy DF OF 
 1 Matthew Tkachuk                                   60     1   2  2  
 2 Pierre-Luc Dubois                                 40     1   2  2  

Penalty Kill - 3 Players Defense
   Defense                  Defense                  Time % Phy DF OF 
 1 Jacob Trouba             Esa Lindell              60     1   2  2  
 2 Rasmus Dahlin            Vince Dunn               40     1   2  2  

4 vs 4 Forward 
   Center                   Wing                     Time % Phy DF OF 
 1 Matthew Tkachuk          Pierre-Luc Dubois        60     1   2  2  
 2 Gustav Nyquist           Casey Mittelstadt        40     1   2  2  

4 vs 4 Defense
   Defense                  Defense                  Time % Phy DF OF 
 1 Jacob Trouba             Esa Lindell              60     1   2  2  
 2 Rasmus Dahlin            Vince Dunn               40     1   2  2  

Last Minutes Offensive
   Center                   Left Wing                Right Wing               Defense                  Defense                  
   Pierre-Luc Dubois        Matthew Tkachuk          Gustav Nyquist           Jacob Trouba             Esa Lindell              

Last Minutes Defensive
   Center                   Left Wing                Right Wing               Defense                  Defense                  
   Pierre-Luc Dubois        Matthew Tkachuk          Gustav Nyquist           Jacob Trouba             Esa Lindell              

Goaltenders
Starting : John Gibson              
Backup : Michael Houser           

Extra Forwards
Normal : John Hayden, Nick Ritchie, Frans Nielsen - PP : John Hayden, Nick Ritchie - PK : Frans Nielsen
Extra Defensemen
Normal : Kale Clague, Kevin Bahl, Ian Mitchell - PP : Kale Clague - PK : Kevin Bahl, Ian Mitchell
Penalty Shots
Matthew Tkachuk, Pierre-Luc Dubois, Gustav Nyquist, Casey Mittelstadt, Adam Erne
Custom OT Lines Forwards
Matthew Tkachuk, Pierre-Luc Dubois, Gustav Nyquist, Casey Mittelstadt, Adam Erne, Nick Ritchie, Frans Nielsen, Trevor Lewis, Brett Connolly, Filip Zadina
Custom OT Lines Defensemen
Jacob Trouba, Esa Lindell, Rasmus Dahlin, Vince Dunn, Kale Clague

Scratches
Bo Horvat (Healthy)

Kings

5 vs 5 Forward 
   Center                   Left Wing                Right Wing               Time % Phy DF OF 
 1 Tomas Hertl              Conor Garland            Jordan Eberle            33     0   1  4  
 2 Jeff Carter              Rudolfs Balcers          Tage Thompson            30     0   2  3  
 3 Sean Kuraly              Klim Kostin              Christian Fischer        25     1   1  3  
 4 Jayson Megna             Austin Watson            Carl Grundstrom          12     1   2  2  

5 vs 5 Defense 
   Defense                  Defense                                           Time % Phy DF OF 
 1 Alex Goligoski           Jonas Brodin                                      40     1   2  2  
 2 Olli Maatta              Michael Anderson                                  35     1   3  1  
 3 Josh Brown               Matt Irwin                                        25     1   3  1  
 4 Jonas Brodin             Alex Goligoski                                    0      1   2  2  

PowerPlay Forward 
   Center                   Left Wing                Right Wing               Time % Phy DF OF 
 1 Tomas Hertl              Conor Garland            Jordan Eberle            60     0   0  5  
 2 Jeff Carter              Rudolfs Balcers          Tage Thompson            40     0   1  4  

PowerPlay Defense
   Defense                  Defense                                           Time % Phy DF OF 
 1 Alex Goligoski           Jonas Brodin                                      60     1   2  2  
 2 Olli Maatta              Michael Anderson                                  40     1   2  2  

Penalty Kill 4 Players Forward 
   Center                   Wing                     Time % Phy DF OF 
 1 Sean Kuraly              Christian Fischer        60     1   3  1  
 2 Jayson Megna             Austin Watson            40     1   3  1  

Penalty Kill 4 Players Defense
   Defense                  Defense                  Time % Phy DF OF 
 1 Olli Maatta              Michael Anderson         60     1   3  1  
 2 Josh Brown               Matt Irwin               40     1   3  1  

Penalty Kill - 3 Players Forward 
   Forward                                           Time % Phy DF OF 
 1 Sean Kuraly                                       60     1   4  0  
 2 Jayson Megna                                      40     1   4  0  

Penalty Kill - 3 Players Defense
   Defense                  Defense                  Time % Phy DF OF 
 1 Jonas Brodin             Alex Goligoski           60     1   3  1  
 2 Olli Maatta              Michael Anderson         40     1   3  1  

4 vs 4 Forward 
   Center                   Wing                     Time % Phy DF OF 
 1 Tomas Hertl              Conor Garland            60     0   1  4  
 2 Jeff Carter              Jordan Eberle            40     0   1  4  

4 vs 4 Defense
   Defense                  Defense                  Time % Phy DF OF 
 1 Alex Goligoski           Jonas Brodin             60     1   2  2  
 2 Olli Maatta              Michael Anderson         40     1   2  2  

Last Minutes Offensive
   Center                   Left Wing                Right Wing               Defense                  Defense                  
   Tomas Hertl              Conor Garland            Jordan Eberle            Jonas Brodin             Alex Goligoski           

Last Minutes Defensive
   Center                   Left Wing                Right Wing               Defense                  Defense                  
   Tomas Hertl              Sean Kuraly              Jeff Carter              Jonas Brodin             Alex Goligoski           

Goaltenders
Starting : Sergei Bobrovsky         
Backup : Martin Jones             

Extra Forwards
Normal : Christian Fischer, Tage Thompson, Jordan Eberle - PP : Sean Kuraly, Tage Thompson - PK : Tomas Hertl
Extra Defensemen
Normal : Michael Anderson, Olli Maatta, Josh Brown - PP : Olli Maatta - PK : Alex Goligoski, Jonas Brodin
Penalty Shots
Tage Thompson, Conor Garland, Tomas Hertl, Jordan Eberle, Jeff Carter
Custom OT Lines Forwards
Rudolfs Balcers, Conor Garland, Tomas Hertl, Jordan Eberle, Jeff Carter, Tage Thompson, Klim Kostin, Christian Fischer, Jayson Megna, Carl Grundstrom
Custom OT Lines Defensemen
Michael Anderson, Alex Goligoski, Jonas Brodin, Olli Maatta, Josh Brown

Scratches
Alex Ovechkin (Strained Groin Injury), Michael Del Zotto (Abdomen/Ribs Injury), Carl Dahlstrom (Healthy), Jimmy Howard (Healthy)

% Time on Ice - Maroons

Lines # - Real PCT - Wanted PCT - Time Play
Normal Forward
1 - 32% - 40% - 16:36
2 - 35% - 30% - 18:06
3 - 23% - 20% - 11:51
4 - 11% - 10% - 5:31
Normal Defense
1 - 40% - 40% - 20:54
2 - 26% - 30% - 13:46
3 - 18% - 20% - 9:36
4 - 15% - 10% - 7:48
PP Forward
1 - 56% - 60% - 3:20
2 - 44% - 40% - 2:37
PP Defense
1 - 52% - 60% - 3:06
2 - 48% - 40% - 2:51
PK Forward
1 - 100% - 60% - 1:59
2 - 0% - 40% - 0:00
PK Defense
1 - 73% - 60% - 1:27
2 - 27% - 40% - 0:32
PK3 Forward
1 - 0% - 60%
2 - 0% - 40%
PK3 Defense
1 - 0% - 60%
2 - 0% - 40%
44 Forward
1 - 0% - 60%
2 - 0% - 40%
44 Defense
1 - 0% - 60%
2 - 0% - 40%
Last Minute Offensive  - 0:00
Last Minute Defensive  - 0:00
Total
Forward - 60:00
Defense - 60:00

% Time on Ice - Kings

Lines # - Real PCT - Wanted PCT - Time Play
Normal Forward
1 - 33% - 33% - 17:14
2 - 31% - 30% - 16:24
3 - 21% - 25% - 11:08
4 - 14% - 12% - 7:18
Normal Defense
1 - 39% - 40% - 20:12
2 - 32% - 35% - 16:38
3 - 29% - 25% - 15:14
4 - 0% - 0% - 0:00
PP Forward
1 - 56% - 60% - 1:07
2 - 44% - 40% - 0:52
PP Defense
1 - 66% - 60% - 1:19
2 - 34% - 40% - 0:40
PK Forward
1 - 74% - 60% - 4:23
2 - 26% - 40% - 1:34
PK Defense
1 - 59% - 60% - 3:32
2 - 41% - 40% - 2:25
PK3 Forward
1 - 0% - 60%
2 - 0% - 40%
PK3 Defense
1 - 0% - 60%
2 - 0% - 40%
44 Forward
1 - 0% - 60%
2 - 0% - 40%
44 Defense
1 - 0% - 60%
2 - 0% - 40%
Last Minute Offensive  - 0:00
Last Minute Defensive  - 0:00
Total
Forward - 60:00
Defense - 60:00

Play-by-Play

1st period


0:01 of 1st period - Tomas Hertl wins face-off versus Pierre-Luc Dubois in neutral zone.
0:10 of 1st period - Wrist shot by Tomas Hertl.
0:10 of 1st period - Stopped by John Gibson without a rebound.
0:11 of 1st period - Tage Thompson wins face-off versus Casey Mittelstadt in Maroons zone.
0:12 of 1st period - Snap shot by Jeff Carter.
0:12 of 1st period - Shot Misses the Net.
0:14 of 1st period - Slapshot by Michael Anderson.
0:14 of 1st period - Shot Misses the Net.
0:16 of 1st period - Snap shot by Jeff Carter.
0:16 of 1st period - Stopped by John Gibson with a rebound.
0:18 of 1st period - Backhand shot by Jeff Carter.
0:18 of 1st period - Stopped by John Gibson with a rebound.
0:20 of 1st period - Snap shot by Michael Anderson.
0:20 of 1st period - Shot Blocked by Rasmus Dahlin.
0:22 of 1st period - Wrist shot by Michael Anderson.
0:22 of 1st period - Stopped by John Gibson with a rebound.
0:24 of 1st period - Snap shot by Michael Anderson.
0:24 of 1st period - Deflect By Jeff Carter.
0:24 of 1st period - Shot Misses the Net.
0:24 of 1st period - Puck is out of play.
0:25 of 1st period - Sean Kuraly wins face-off versus Frans Nielsen in Maroons zone.
1:01 of 1st period - Gustav Nyquist is hit by Josh Brown.
1:17 of 1st period - Jordan Eberle is hit by Adam Erne and loses puck.
1:44 of 1st period - Backhand shot by Jeff Carter.
1:44 of 1st period - Goal by Jeff Carter - Maroons : 0 - Kings : 1.
1:45 of 1st period - Pierre-Luc Dubois wins face-off versus Tage Thompson in neutral zone.
2:23 of 1st period - Wrist shot by Klim Kostin.
2:23 of 1st period - Deflect By Sean Kuraly.
2:23 of 1st period - Shot Blocked by Jacob Trouba.
2:23 of 1st period - Puck is out of play.
2:24 of 1st period - Pierre-Luc Dubois wins face-off versus Tomas Hertl in Maroons zone.
2:29 of 1st period - Esa Lindell is hit by Michael Anderson and loses puck.
2:50 of 1st period - Michael Anderson is hit by Adam Erne and loses puck.
3:01 of 1st period - Snap shot by Austin Watson.
3:01 of 1st period - Shot Misses the Net.
3:03 of 1st period - Snap shot by Austin Watson.
3:03 of 1st period - Stopped by John Gibson with a rebound.
3:15 of 1st period - Snap shot by Nick Ritchie.
3:15 of 1st period - Goal by Nick Ritchie - Maroons : 1 - Kings : 1.
3:16 of 1st period - Pierre-Luc Dubois wins face-off versus Jeff Carter in neutral zone.
4:13 of 1st period - Wrist shot by Casey Mittelstadt.
4:13 of 1st period - Deflect By Adam Erne.
4:13 of 1st period - Stopped by Sergei Bobrovsky with a rebound.
4:15 of 1st period - Snap shot by Adam Erne.
4:15 of 1st period - Stopped by Sergei Bobrovsky with a rebound.
4:50 of 1st period - Brett Connolly is hit by Jeff Carter and loses puck.
5:09 of 1st period - Brett Connolly is hit by Jordan Eberle and loses puck.
5:20 of 1st period - Wrist shot by Tomas Hertl.
5:20 of 1st period - Shot Misses the Net.
5:56 of 1st period - Snap shot by Pierre-Luc Dubois.
5:56 of 1st period - Shot Misses the Net.
6:12 of 1st period - Brian Pinho is hit by Alex Goligoski and loses puck.
7:19 of 1st period - Icing by Michael Anderson.
7:20 of 1st period - Jayson Megna wins face-off versus Frans Nielsen in Kings zone.
8:58 of 1st period - Wrist shot by Carl Grundstrom.
8:58 of 1st period - Shot Blocked by Kevin Bahl.
9:20 of 1st period - Snap shot by Tomas Hertl.
9:20 of 1st period - Stopped by John Gibson without a rebound.
9:21 of 1st period - Jeff Carter wins face-off versus Frans Nielsen in Maroons zone.
9:47 of 1st period - Adam Erne is hit by Conor Garland.
10:34 of 1st period - Snap shot by Casey Mittelstadt.
10:34 of 1st period - Shot Misses the Net.
10:36 of 1st period - Slapshot by Jacob Trouba.
10:36 of 1st period - Stopped by Sergei Bobrovsky with a rebound.
10:38 of 1st period - Slapshot by Adam Erne.
10:38 of 1st period - Deflect By Alex Goligoski.
10:38 of 1st period - Shot Misses the Net.
10:38 of 1st period - Puck is out of play.
10:39 of 1st period - Tomas Hertl wins face-off versus Pierre-Luc Dubois in Kings zone.
11:28 of 1st period - Off-side.
11:29 of 1st period - Jeff Carter wins face-off versus Brian Pinho in neutral zone.
11:52 of 1st period - Snap shot by Matthew Tkachuk.
11:52 of 1st period - Stopped by Sergei Bobrovsky without a rebound.
11:53 of 1st period - Pierre-Luc Dubois wins face-off versus Sean Kuraly in Kings zone.
12:00 of 1st period - Wrist shot by Pierre-Luc Dubois.
12:00 of 1st period - Shot Misses the Net.
12:02 of 1st period - Slapshot by Jacob Trouba.
12:02 of 1st period - Shot Blocked by Michael Anderson.
12:59 of 1st period - Off-side.
13:00 of 1st period - Sean Kuraly wins face-off versus Pierre-Luc Dubois in neutral zone.
13:05 of 1st period - Snap shot by Klim Kostin.
13:05 of 1st period - Shot Misses the Net.
13:28 of 1st period - Slapshot by Tomas Hertl.
13:28 of 1st period - Shot Blocked by Lucas Carlsson.
14:08 of 1st period - Snap shot by Gustav Nyquist.
14:08 of 1st period - Shot Blocked by Michael Anderson.
14:10 of 1st period - Wrist shot by Ian Mitchell.
14:10 of 1st period - Deflect By Matthew Tkachuk.
14:10 of 1st period - Goal by Matthew Tkachuk - Maroons : 2 - Kings : 1.
14:11 of 1st period - Jeff Carter wins face-off versus Casey Mittelstadt in neutral zone.
14:41 of 1st period - Snap shot by Sean Kuraly.
14:41 of 1st period - Stopped by John Gibson with a rebound.
14:57 of 1st period - Wrist shot by Adam Erne.
14:57 of 1st period - Shot Misses the Net.
15:04 of 1st period - Icing by Sean Kuraly.
15:05 of 1st period - Brian Pinho wins face-off versus Tomas Hertl in Kings zone.
15:56 of 1st period - Snap shot by Nick Ritchie.
15:56 of 1st period - Shot Misses the Net.
15:58 of 1st period - Slapshot by Esa Lindell.
15:58 of 1st period - Stopped by Sergei Bobrovsky with a rebound.
17:04 of 1st period - Icing by Jeff Carter.
17:05 of 1st period - Jeff Carter wins face-off versus Pierre-Luc Dubois in Kings zone.
17:09 of 1st period - Icing by Rudolfs Balcers.
17:10 of 1st period - Sean Kuraly wins face-off versus Pierre-Luc Dubois in Kings zone.
17:10 of 1st period - Sean Kuraly is hit by Rasmus Dahlin.
17:16 of 1st period - Wrist shot by Gustav Nyquist.
17:16 of 1st period - Shot Misses the Net.
17:18 of 1st period - Wrist shot by Gustav Nyquist.
17:18 of 1st period - Shot Misses the Net.
17:20 of 1st period - Slapshot by Matthew Tkachuk.
17:20 of 1st period - Shot Blocked by Christian Fischer.
17:22 of 1st period - Snap shot by Matthew Tkachuk.
17:22 of 1st period - Stopped by Sergei Bobrovsky without a rebound.
17:23 of 1st period - Pierre-Luc Dubois wins face-off versus Jeff Carter in Kings zone.
17:26 of 1st period - Snap shot by Matthew Tkachuk.
17:26 of 1st period - Shot Blocked by Alex Goligoski.
17:32 of 1st period - Pierre-Luc Dubois is hit by Jeff Carter and loses puck.
18:12 of 1st period - Snap shot by Nick Ritchie.
18:12 of 1st period - Shot Misses the Net.
18:21 of 1st period - Slapshot by Michael Anderson.
18:21 of 1st period - Shot Blocked by Jacob Trouba.
19:22 of 1st period - Josh Brown is hit by Nick Ritchie and loses puck.
Goals for this period are 2 for Maroons vs 1 for Kings.
Shots for this period are 8 for Maroons vs 8 for Kings.

2nd period


0:01 of 2nd period - Jeff Carter wins face-off versus Pierre-Luc Dubois in neutral zone.
0:06 of 2nd period - Wrist shot by Rudolfs Balcers.
0:06 of 2nd period - Shot Misses the Net.
0:08 of 2nd period - Wrist shot by Rudolfs Balcers.
0:08 of 2nd period - Goal by Rudolfs Balcers - Maroons : 2 - Kings : 2.
0:09 of 2nd period - Jeff Carter wins face-off versus Pierre-Luc Dubois in neutral zone.
0:12 of 2nd period - Snap shot by Jeff Carter.
0:12 of 2nd period - Stopped by John Gibson without a rebound.
0:13 of 2nd period - Jeff Carter wins face-off versus Pierre-Luc Dubois in Maroons zone.
0:14 of 2nd period - Wrist shot by Rudolfs Balcers.
0:14 of 2nd period - Stopped by John Gibson with a rebound.
0:16 of 2nd period - Snap shot by Jonas Brodin.
0:16 of 2nd period - Shot Misses the Net.
0:18 of 2nd period - Snap shot by Rudolfs Balcers.
0:18 of 2nd period - Stopped by John Gibson with a rebound.
0:20 of 2nd period - Backhand shot by Jeff Carter.
0:20 of 2nd period - Deflect By Tage Thompson.
0:20 of 2nd period - Shot Misses the Net.
0:20 of 2nd period - Puck is out of play.
0:21 of 2nd period - Pierre-Luc Dubois wins face-off versus Jeff Carter in Maroons zone.
0:21 of 2nd period - Pierre-Luc Dubois is hit by Jeff Carter.
0:35 of 2nd period - Wrist shot by Pierre-Luc Dubois.
0:35 of 2nd period - Shot Misses the Net.
0:37 of 2nd period - Slapshot by Pierre-Luc Dubois.
0:37 of 2nd period - Stopped by Sergei Bobrovsky without a rebound.
0:38 of 2nd period - Adam Erne wins face-off versus Sean Kuraly in Kings zone.
0:45 of 2nd period - Slapshot by Adam Erne.
0:45 of 2nd period - Stopped by Sergei Bobrovsky with a rebound.
0:47 of 2nd period - Slapshot by Casey Mittelstadt.
0:47 of 2nd period - Shot Blocked by Michael Anderson.
0:53 of 2nd period - Wrist shot by Casey Mittelstadt.
0:53 of 2nd period - Stopped by Sergei Bobrovsky with a rebound.
0:59 of 2nd period - Minor Penalty to Michael Anderson for Roughing.
1:00 of 2nd period - Pierre-Luc Dubois wins face-off versus Sean Kuraly in Kings zone.
1:55 of 2nd period - Austin Watson is hit by Trevor Lewis and loses puck.
2:59 of 2nd period - Penalty to Michael Anderson is over, Michael Anderson is back on ice.
3:39 of 2nd period - Esa Lindell is hit by Rudolfs Balcers and loses puck.
4:00 of 2nd period - Wrist shot by Tomas Hertl.
4:00 of 2nd period - Shot Blocked by Trevor Lewis.
5:17 of 2nd period - Frans Nielsen is hit by Olli Maatta.
5:33 of 2nd period - Matthew Tkachuk is hit by Klim Kostin and loses puck.
5:41 of 2nd period - Icing by Lucas Carlsson.
5:42 of 2nd period - Jayson Megna wins face-off versus Brian Pinho in Maroons zone.
5:43 of 2nd period - Wrist shot by Austin Watson.
5:43 of 2nd period - Stopped by John Gibson without a rebound.
5:44 of 2nd period - Jeff Carter wins face-off versus Casey Mittelstadt in Maroons zone.
5:47 of 2nd period - Slapshot by Jeff Carter.
5:47 of 2nd period - Stopped by John Gibson with a rebound.
6:11 of 2nd period - Jordan Eberle is hit by Nick Ritchie and loses puck.
6:18 of 2nd period - Snap shot by Conor Garland.
6:18 of 2nd period - Stopped by John Gibson without a rebound.
6:19 of 2nd period - Sean Kuraly wins face-off versus Pierre-Luc Dubois in Maroons zone.
6:20 of 2nd period - Slapshot by Klim Kostin.
6:20 of 2nd period - Shot Misses the Net.
6:22 of 2nd period - Wrist shot by Olli Maatta.
6:22 of 2nd period - Shot Blocked by Rasmus Dahlin.
6:24 of 2nd period - Wrist shot by Klim Kostin.
6:24 of 2nd period - Shot Misses the Net.
6:26 of 2nd period - Snap shot by Klim Kostin.
6:26 of 2nd period - Stopped by John Gibson without a rebound.
6:27 of 2nd period - Sean Kuraly wins face-off versus Pierre-Luc Dubois in Maroons zone.
6:32 of 2nd period - Slapshot by Klim Kostin.
6:32 of 2nd period - Shot Misses the Net.
6:34 of 2nd period - Wrist shot by Sean Kuraly.
6:34 of 2nd period - Stopped by John Gibson without a rebound.
6:35 of 2nd period - Tomas Hertl wins face-off versus Pierre-Luc Dubois in Maroons zone.
6:44 of 2nd period - Wrist shot by Tomas Hertl.
6:44 of 2nd period - Stopped by John Gibson with a rebound.
6:46 of 2nd period - Wrist shot by Conor Garland.
6:46 of 2nd period - Deflect By Jordan Eberle.
6:46 of 2nd period - Shot Blocked by Esa Lindell.
6:46 of 2nd period - Puck is out of play.
6:47 of 2nd period - Tomas Hertl wins face-off versus Pierre-Luc Dubois in Maroons zone.
7:50 of 2nd period - Minor Penalty to Alex Goligoski for Tripping.
7:51 of 2nd period - Sean Kuraly wins face-off versus Pierre-Luc Dubois in Kings zone.
7:51 of 2nd period - Sean Kuraly is hit by Pierre-Luc Dubois.
8:17 of 2nd period - Sean Kuraly is hit by Trevor Lewis and loses puck.
8:38 of 2nd period - Slapshot by Christian Fischer.
8:38 of 2nd period - Stopped by John Gibson without a rebound.
8:39 of 2nd period - Matthew Tkachuk wins face-off versus Austin Watson in Maroons zone.
8:48 of 2nd period - Snap shot by Gustav Nyquist.
8:48 of 2nd period - Shot Misses the Net.
9:04 of 2nd period - Matt Irwin is hit by Casey Mittelstadt and loses puck.
9:50 of 2nd period - Penalty to Alex Goligoski is over, Alex Goligoski is back on ice.
11:11 of 2nd period - Icing by Conor Garland.
11:12 of 2nd period - Austin Watson wins face-off versus Casey Mittelstadt in Kings zone.
11:43 of 2nd period - Rudolfs Balcers is hit by Trevor Lewis and loses puck.
11:50 of 2nd period - Snap shot by Jeff Carter.
11:50 of 2nd period - Stopped by John Gibson with a rebound.
12:06 of 2nd period - Snap shot by Christian Fischer.
12:06 of 2nd period - Stopped by John Gibson with a rebound.
12:20 of 2nd period - Lucas Carlsson is hit by Conor Garland.
12:38 of 2nd period - Slapshot by Jonas Brodin.
12:38 of 2nd period - Shot Blocked by Adam Erne.
12:40 of 2nd period - Snap shot by Jayson Megna.
12:40 of 2nd period - Stopped by John Gibson with a rebound.
12:42 of 2nd period - Backhand shot by Matt Irwin.
12:42 of 2nd period - Shot Misses the Net.
12:44 of 2nd period - Slapshot by Matt Irwin.
12:44 of 2nd period - Shot Blocked by Lucas Carlsson.
12:46 of 2nd period - Slapshot by Matt Irwin.
12:46 of 2nd period - Shot Blocked by Trevor Lewis.
12:48 of 2nd period - Snap shot by Jayson Megna.
12:48 of 2nd period - Shot Blocked by Lucas Carlsson.
13:21 of 2nd period - Snap shot by Nick Ritchie.
13:21 of 2nd period - Stopped by Sergei Bobrovsky with a rebound.
13:23 of 2nd period - Wrist shot by Nick Ritchie.
13:23 of 2nd period - Stopped by Sergei Bobrovsky without a rebound.
13:24 of 2nd period - Frans Nielsen wins face-off versus Tomas Hertl in Kings zone.
13:27 of 2nd period - Snap shot by Brett Connolly.
13:27 of 2nd period - Stopped by Sergei Bobrovsky without a rebound.
13:28 of 2nd period - Tomas Hertl wins face-off versus Pierre-Luc Dubois in Kings zone.
13:59 of 2nd period - Backhand shot by Rudolfs Balcers.
13:59 of 2nd period - Shot Misses the Net.
14:11 of 2nd period - Nick Ritchie is hit by Tage Thompson and loses puck.
14:20 of 2nd period - Minor Penalty to Josh Brown for Tripping.
14:21 of 2nd period - Sean Kuraly wins face-off versus Pierre-Luc Dubois in Kings zone.
15:48 of 2nd period - Trevor Lewis is hit by Tomas Hertl and loses puck.
16:20 of 2nd period - Penalty to Josh Brown is over, Josh Brown is back on ice.
16:31 of 2nd period - Backhand shot by Olli Maatta.
16:31 of 2nd period - Stopped by John Gibson with a rebound.
16:33 of 2nd period - Slapshot by Jonas Brodin.
16:33 of 2nd period - Shot Blocked by Jacob Trouba.
16:35 of 2nd period - Wrist shot by Rudolfs Balcers.
16:35 of 2nd period - Deflect By Nick Ritchie.
16:35 of 2nd period - Shot Misses the Net.
16:35 of 2nd period - Puck is out of play.
16:36 of 2nd period - Frans Nielsen wins face-off versus Jeff Carter in Maroons zone.
16:41 of 2nd period - Slapshot by Rasmus Dahlin.
16:41 of 2nd period - Shot Blocked by Jeff Carter.
17:01 of 2nd period - Jordan Eberle is hit by Matthew Tkachuk.
17:23 of 2nd period - Snap shot by Klim Kostin.
17:23 of 2nd period - Shot Misses the Net.
17:25 of 2nd period - Wrist shot by Christian Fischer.
17:25 of 2nd period - Shot Misses the Net.
17:27 of 2nd period - Slapshot by Josh Brown.
17:27 of 2nd period - Shot Misses the Net.
17:29 of 2nd period - Slapshot by Christian Fischer.
17:29 of 2nd period - Stopped by John Gibson with a rebound.
17:31 of 2nd period - Wrist shot by Sean Kuraly.
17:31 of 2nd period - Stopped by John Gibson without a rebound.
17:32 of 2nd period - Trevor Lewis wins face-off versus Jeff Carter in Maroons zone.
17:32 of 2nd period - Trevor Lewis is hit by Jeff Carter.
17:40 of 2nd period - Snap shot by Casey Mittelstadt.
17:40 of 2nd period - Shot Misses the Net.
17:42 of 2nd period - Wrist shot by Trevor Lewis.
17:42 of 2nd period - Shot Blocked by Matt Irwin.
17:44 of 2nd period - Wrist shot by Casey Mittelstadt.
17:44 of 2nd period - Shot Blocked by Josh Brown.
17:46 of 2nd period - Slapshot by Esa Lindell.
17:46 of 2nd period - Stopped by Sergei Bobrovsky with a rebound.
17:48 of 2nd period - Slapshot by Jacob Trouba.
17:48 of 2nd period - Shot Blocked by Jeff Carter.
18:51 of 2nd period - Wrist shot by Casey Mittelstadt.
18:51 of 2nd period - Shot Misses the Net.
18:53 of 2nd period - Slapshot by Rasmus Dahlin.
18:53 of 2nd period - Shot Blocked by Austin Watson.
18:59 of 2nd period - Slapshot by Rasmus Dahlin.
18:59 of 2nd period - Shot Blocked by Jayson Megna.
19:01 of 2nd period - Slapshot by Rasmus Dahlin.
19:01 of 2nd period - Shot Misses the Net.
19:11 of 2nd period - Matt Irwin is hit by Nick Ritchie and loses puck.
Goals for this period are 0 for Maroons vs 1 for Kings.
Shots for this period are 7 for Maroons vs 17 for Kings.

3rd period


0:01 of 3rd period - Tomas Hertl wins face-off versus Pierre-Luc Dubois in neutral zone.
0:50 of 3rd period - Slapshot by Nick Ritchie.
0:50 of 3rd period - Stopped by Sergei Bobrovsky without a rebound.
0:51 of 3rd period - Brett Connolly wins face-off versus Jeff Carter in Kings zone.
0:52 of 3rd period - Slapshot by Rasmus Dahlin.
0:52 of 3rd period - Shot Blocked by Alex Goligoski.
1:11 of 3rd period - Snap shot by Nick Ritchie.
1:11 of 3rd period - Stopped by Sergei Bobrovsky without a rebound.
1:12 of 3rd period - Tomas Hertl wins face-off versus Pierre-Luc Dubois in Kings zone.
1:54 of 3rd period - Klim Kostin is hit by Adam Erne and loses puck.
2:02 of 3rd period - Off-side.
2:03 of 3rd period - Tomas Hertl wins face-off versus Frans Nielsen in neutral zone.
2:08 of 3rd period - Slapshot by Tomas Hertl.
2:08 of 3rd period - Stopped by John Gibson without a rebound.
2:09 of 3rd period - Tomas Hertl wins face-off versus Frans Nielsen in Maroons zone.
2:12 of 3rd period - Snap shot by Conor Garland.
2:12 of 3rd period - Stopped by John Gibson without a rebound.
2:13 of 3rd period - Pierre-Luc Dubois wins face-off versus Tomas Hertl in Maroons zone.
2:46 of 3rd period - Wrist shot by Nick Ritchie.
2:46 of 3rd period - Deflect By Brett Connolly.
2:46 of 3rd period - Stopped by Sergei Bobrovsky with a rebound.
4:04 of 3rd period - Snap shot by Jeff Carter.
4:04 of 3rd period - Stopped by John Gibson with a rebound.
4:08 of 3rd period - Wrist shot by Rudolfs Balcers.
4:08 of 3rd period - Shot Blocked by Matthew Tkachuk.
4:10 of 3rd period - Slapshot by Jonas Brodin.
4:10 of 3rd period - Stopped by John Gibson without a rebound.
4:11 of 3rd period - Sean Kuraly wins face-off versus Casey Mittelstadt in Maroons zone.
4:12 of 3rd period - Snap shot by Christian Fischer.
4:12 of 3rd period - Shot Misses the Net.
5:25 of 3rd period - Icing by Alex Goligoski.
5:26 of 3rd period - Casey Mittelstadt wins face-off versus Conor Garland in Kings zone.
5:29 of 3rd period - Snap shot by Casey Mittelstadt.
5:29 of 3rd period - Shot Misses the Net.
5:31 of 3rd period - Snap shot by Adam Erne.
5:31 of 3rd period - Shot Blocked by Tomas Hertl.
5:33 of 3rd period - Snap shot by Casey Mittelstadt.
5:33 of 3rd period - Stopped by Sergei Bobrovsky without a rebound.
5:34 of 3rd period - Trevor Lewis wins face-off versus Sean Kuraly in Kings zone.
5:35 of 3rd period - Snap shot by Casey Mittelstadt.
5:35 of 3rd period - Shot Blocked by Olli Maatta.
5:37 of 3rd period - Snap shot by Trevor Lewis.
5:37 of 3rd period - Stopped by Sergei Bobrovsky with a rebound.
5:39 of 3rd period - Slapshot by Casey Mittelstadt.
5:39 of 3rd period - Shot Misses the Net.
5:45 of 3rd period - Wrist shot by Adam Erne.
5:45 of 3rd period - Shot Misses the Net.
5:47 of 3rd period - Slapshot by Jacob Trouba.
5:47 of 3rd period - Shot Blocked by Olli Maatta.
5:49 of 3rd period - Snap shot by Adam Erne.
5:49 of 3rd period - Shot Misses the Net.
6:22 of 3rd period - Wrist shot by Carl Grundstrom.
6:22 of 3rd period - Shot Misses the Net.
6:28 of 3rd period - Wrist shot by Carl Grundstrom.
6:28 of 3rd period - Shot Blocked by Brett Connolly.
6:30 of 3rd period - Wrist shot by Carl Grundstrom.
6:30 of 3rd period - Stopped by John Gibson without a rebound.
6:31 of 3rd period - Tomas Hertl wins face-off versus Casey Mittelstadt in Maroons zone.
6:48 of 3rd period - Slapshot by Alex Goligoski.
6:48 of 3rd period - Shot Misses the Net.
7:05 of 3rd period - Snap shot by Casey Mittelstadt.
7:05 of 3rd period - Deflect By Jordan Eberle.
7:05 of 3rd period - Shot Blocked by Alex Goligoski.
7:05 of 3rd period - Puck is out of play.
7:06 of 3rd period - Pierre-Luc Dubois wins face-off versus Sean Kuraly in Kings zone.
7:07 of 3rd period - Snap shot by Gustav Nyquist.
7:07 of 3rd period - Deflect By Matthew Tkachuk.
7:07 of 3rd period - Shot Misses the Net.
7:07 of 3rd period - Puck is out of play.
7:08 of 3rd period - Sean Kuraly wins face-off versus Pierre-Luc Dubois in Kings zone.
7:13 of 3rd period - Snap shot by Gustav Nyquist.
7:13 of 3rd period - Stopped by Sergei Bobrovsky without a rebound.
7:14 of 3rd period - Pierre-Luc Dubois wins face-off versus Sean Kuraly in Kings zone.
7:15 of 3rd period - Snap shot by Gustav Nyquist.
7:15 of 3rd period - Stopped by Sergei Bobrovsky without a rebound.
7:16 of 3rd period - Sean Kuraly wins face-off versus Pierre-Luc Dubois in Kings zone.
7:35 of 3rd period - Wrist shot by Gustav Nyquist.
7:35 of 3rd period - Stopped by Sergei Bobrovsky with a rebound.
8:07 of 3rd period - Slapshot by Pierre-Luc Dubois.
8:07 of 3rd period - Stopped by Sergei Bobrovsky without a rebound.
8:08 of 3rd period - Adam Erne wins face-off versus Jeff Carter in Kings zone.
8:21 of 3rd period - Snap shot by Trevor Lewis.
8:21 of 3rd period - Shot Misses the Net.
8:23 of 3rd period - Slapshot by Casey Mittelstadt.
8:23 of 3rd period - Shot Misses the Net.
8:49 of 3rd period - Icing by Olli Maatta.
8:50 of 3rd period - Brian Pinho wins face-off versus Jayson Megna in Kings zone.
8:51 of 3rd period - Snap shot by Matthew Tkachuk.
8:51 of 3rd period - Stopped by Sergei Bobrovsky without a rebound.
8:52 of 3rd period - Brian Pinho wins face-off versus Jayson Megna in Kings zone.
9:28 of 3rd period - Slapshot by Casey Mittelstadt.
9:28 of 3rd period - Stopped by Sergei Bobrovsky with a rebound.
10:31 of 3rd period - Carl Grundstrom is hit by Rasmus Dahlin and loses puck.
10:46 of 3rd period - Wrist shot by Tomas Hertl.
10:46 of 3rd period - Shot Misses the Net.
10:48 of 3rd period - Slapshot by Alex Goligoski.
10:48 of 3rd period - Stopped by John Gibson without a rebound.
10:49 of 3rd period - Tomas Hertl wins face-off versus Gustav Nyquist in Maroons zone.
11:31 of 3rd period - Snap shot by Tomas Hertl.
11:31 of 3rd period - Deflect By Conor Garland.
11:31 of 3rd period - Deflect By Gustav Nyquist.
11:31 of 3rd period - Stopped by John Gibson with a rebound.
11:33 of 3rd period - Slapshot by Matt Irwin.
11:33 of 3rd period - Shot Blocked by Matthew Tkachuk.
11:47 of 3rd period - Wrist shot by Matthew Tkachuk.
11:47 of 3rd period - Stopped by Sergei Bobrovsky without a rebound.
11:48 of 3rd period - Casey Mittelstadt wins face-off versus Rudolfs Balcers in Kings zone.
11:53 of 3rd period - Snap shot by Casey Mittelstadt.
11:53 of 3rd period - Stopped by Sergei Bobrovsky without a rebound.
11:54 of 3rd period - Jeff Carter wins face-off versus Casey Mittelstadt in Kings zone.
12:09 of 3rd period - Icing by Matt Irwin.
12:10 of 3rd period - Jeff Carter wins face-off versus Frans Nielsen in Kings zone.
12:10 of 3rd period - Jeff Carter is hit by Nick Ritchie.
12:22 of 3rd period - Snap shot by Rudolfs Balcers.
12:22 of 3rd period - Stopped by John Gibson with a rebound.
12:24 of 3rd period - Snap shot by Rudolfs Balcers.
12:24 of 3rd period - Stopped by John Gibson without a rebound.
12:25 of 3rd period - Pierre-Luc Dubois wins face-off versus Christian Fischer in Maroons zone.
12:25 of 3rd period - Pierre-Luc Dubois is hit by Klim Kostin.
12:38 of 3rd period - Minor Penalty to Esa Lindell for Interference.
12:39 of 3rd period - Tomas Hertl wins face-off versus Matthew Tkachuk in Maroons zone.
14:37 of 3rd period - Slapshot by Sean Kuraly.
14:37 of 3rd period - Shot Misses the Net.
14:38 of 3rd period - Penalty to Esa Lindell is over, Esa Lindell is back on ice.
14:39 of 3rd period - Slapshot by Austin Watson.
14:39 of 3rd period - Stopped by John Gibson with a rebound.
14:55 of 3rd period - Wrist shot by Austin Watson.
14:55 of 3rd period - Stopped by John Gibson with a rebound.
Goals for this period are 0 for Maroons vs 0 for Kings.
Shots for this period are 13 for Maroons vs 11 for Kings.

Overtime #1


0:01 of 1st overtime period - Conor Garland wins face-off versus Pierre-Luc Dubois in neutral zone.
0:06 of 1st overtime period - Wrist shot by Rudolfs Balcers.
0:06 of 1st overtime period - Stopped by John Gibson with a rebound.
0:40 of 1st overtime period - Wrist shot by Jordan Eberle.
0:40 of 1st overtime period - Deflect By Tomas Hertl.
0:40 of 1st overtime period - Shot Blocked by Jacob Trouba.
0:40 of 1st overtime period - Puck is out of play.
0:41 of 1st overtime period - Pierre-Luc Dubois wins face-off versus Conor Garland in Maroons zone.
0:50 of 1st overtime period - Wrist shot by Matthew Tkachuk.
0:50 of 1st overtime period - Shot Misses the Net.
1:25 of 1st overtime period - Matthew Tkachuk is hit by Rudolfs Balcers and loses puck.
1:44 of 1st overtime period - Jeff Carter is hit by Jacob Trouba and loses puck.
2:07 of 1st overtime period - Snap shot by Alex Goligoski.
2:07 of 1st overtime period - Shot Blocked by Adam Erne.
2:33 of 1st overtime period - Jacob Trouba is hit by Michael Anderson and loses puck.
3:06 of 1st overtime period - Wrist shot by Pierre-Luc Dubois.
3:06 of 1st overtime period - Shot Blocked by Alex Goligoski.
4:09 of 1st overtime period - Trevor Lewis is hit by Jordan Eberle and loses puck.
Goals for this period are 0 for Maroons vs 0 for Kings.
Shots for this period are 0 for Maroons vs 1 for Kings.

ShootOut


5:00 of 1st overtime period - Round #1.
5:00 of 1st overtime period - Maroons, Matthew Tkachuk.
5:00 of 1st overtime period - Wrist shot by Matthew Tkachuk.
5:00 of 1st overtime period - Stopped by Sergei Bobrovsky.
5:00 of 1st overtime period - Kings, Tage Thompson.
5:00 of 1st overtime period - Deke by Tage Thompson.
5:00 of 1st overtime period - Stopped by John Gibson.
5:00 of 1st overtime period - Round #2.
5:00 of 1st overtime period - Maroons, Pierre-Luc Dubois.
5:00 of 1st overtime period - Deke by Pierre-Luc Dubois.
5:00 of 1st overtime period - Stopped by Sergei Bobrovsky.
5:00 of 1st overtime period - Kings, Conor Garland.
5:00 of 1st overtime period - Deke by Conor Garland.
5:00 of 1st overtime period - Stopped by John Gibson.
5:00 of 1st overtime period - Round #3.
5:00 of 1st overtime period - Maroons, Gustav Nyquist.
5:00 of 1st overtime period - Deke by Gustav Nyquist.
5:00 of 1st overtime period - Goal by Gustav Nyquist.
5:00 of 1st overtime period - Kings, Tomas Hertl.
5:00 of 1st overtime period - Deke by Tomas Hertl.
5:00 of 1st overtime period - Stopped by John Gibson.